 Dungeon Crawl Stone Soup version 0.24.0-35-gdb84b6a5db (webtiles) character file.

Game seed: 5743049947000587866, levelgen mode: deterministic

228 Delamore the Cleaver (level 6, -1/51 HPs)
             Began as a Hill Orc Fighter on Nov 19, 2019.
             Killed from afar by an orc wizard (7 damage)
             ... with a magic dart
             ... on level 4 of the Dungeon.
             The game lasted 00:02:35 (2005 turns).

Delamore the Cleaver (Hill Orc Fighter)             Turns: 2005, Time: 00:02:36

Health: -1/51      AC: 12    Str: 21    XL:     6   Next: 2%
Magic:  6/6        EV:  7    Int:  8    God:
Gold:   103        SH:  9    Dex: 10    Spells: 5/5 levels left

rFire    . . .     SeeInvis .   a - +0 war axe
rCold    . . .     Gourm    .   c - +0 shield
rNeg     . . .     Faith    .   b - +0 scale mail
rPois    .         Spirit   .   (no helmet)
rElec    .         Reflect  .   (no cloak)
rCorr    .         Harm     .   w - +1 pair of gloves {archery}
MR       .....                  o - +2 pair of boots
Stlth    ..........             (no amulet)
HPRegen  0.17/turn              (no ring)
MPRegen  0.10/turn              (no ring)

@: lethally poisoned (-1 -> -5), slowed, very slow
A: no striking features
a: Convert to Beogh


You were on level 4 of the Dungeon.
You were not hungry.

You visited 1 branch of the dungeon, and saw 4 of its levels.

You collected 103 gold pieces.

Inventory:

Hand Weapons
 a - a +0 war axe (weapon)
Missiles
 g - 10 poisoned darts (quivered)
Armour
 b - a +0 scale mail (worn)
 c - a +0 shield (worn)
 l - a +0 pair of gloves
 o - a +2 pair of boots (worn)
 w - a +1 pair of gloves of archery (worn)
Jewellery
 h - a cursed ring of attention {unknown}
Wands
 s - a wand of polymorph (3)
Scrolls
 e - a scroll of enchant armour {unknown}
 i - a scroll of fog {unknown}
 k - 3 scrolls of teleportation {unknown}
 m - 4 scrolls of identify {unknown}
 n - 2 scrolls of remove curse {unknown}
 p - a scroll of fear {unknown}
 r - 3 scrolls of immolation {unknown}
 u - a scroll of enchant weapon {unknown}
 x - a scroll of amnesia {unknown}
Potions
 d - a potion of might
 j - 2 potions of heal wounds {unknown}
 q - a potion of flight {unknown}
 v - a potion of curing {unknown}
 z - a potion of degeneration {unknown}
Comestibles
 f - 2 rations


   Skills:
 - Level 3.6 Fighting
 + Level 8.0 Axes
 - Level 3.2 Armour
 - Level 3.2 Shields


You had 5 spell levels left.
You didn't know any spells.
Your spell library was empty.

Dungeon Overview and Level Annotations

Branches:
Dungeon (4/15)
 Temple: D:4-7

Altars:
Ashenzari


Message History

The scorpion is moderately wounded.
You closely miss the orc priest.
The orc priest shouts, "Beogh is our master!
Accept the truth or die!"
The orc wizard casts a spell at you. The magic dart hits you.
You block the orc priest's attack. The scorpion stings you.
You are poisoned.
The scorpion poisons you! You block the scorpion's attack.
The orc priest mumbles some strange prayers to Beogh against you.
Beogh smites you!
You are too injured to fight recklessly!
You feel sick. You block the orc wizard's attack.
The orc throws a boomerang.
The boomerang hits you but does no damage.
The weapon returns to the orc!
The orc priest mumbles some strange prayers to Beogh against you.
Beogh smites you!
* * * LOW HITPOINT WARNING * * *
The orc wizard gestures at you while chanting.
The magic dart hits you!
You die...

##$......
#........
#........
###......##
#..........
###.#......##
#...#o)......
#...oso..#
#...@###.#
###..# #..#
#..#
#######..#
#<.......#
##.....#.#
#.###.#.# #.#
#...#


You could see a scorpion, an orc priest, an orc wizard and an orc.

Vanquished Creatures
  A centaur zombie (D:3)
  Natasha (thrice) (D:2)
  Robin (D:3)
  4 adders
  A worm (D:2)
  A dart slug (D:3)
  A leopard gecko (D:2)
  2 orcs
  A giant cockroach (D:3)
  13 goblins
  4 hobgoblins
  6 jackals
  A quokka (D:2)
  7 bats
  5 frilled lizards
  10 kobolds
  11 rats
72 creatures vanquished.

Notes
Turn   | Place    | Note
-------+----------+-------------------------------------------
     0 | D:1      | Delamore the Hill Orc Fighter began the quest for the Orb.
     0 | D:1      | Reached XP level 1. HP: 19/19 MP: 1/1
    19 | D:1      | Reached skill level 3 in Axes
   221 | D:1      | Reached XP level 2. HP: 26/26 MP: 2/2
   409 | D:1      | Reached skill level 4 in Axes
   694 | D:2      | Noticed Natasha
   700 | D:2      | Killed Natasha
   700 | D:2      | Reached skill level 5 in Axes
   700 | D:2      | Reached XP level 3. HP: 31/31 MP: 3/3
   729 | D:2      | Noticed Natasha
   743 | D:2      | Killed Natasha
   743 | D:2      | Reached XP level 4. HP: 10/39 MP: 4/4
   973 | D:2      | Reached skill level 6 in Axes
  1213 | D:2      | Noticed Natasha
  1219 | D:2      | Killed Natasha
  1219 | D:2      | Reached XP level 5. HP: 42/45 MP: 5/5
  1353 | D:2      | Reached skill level 7 in Axes
  1549 | D:3      | Noticed Robin
  1564 | D:3      | Killed Robin
  1578 | D:3      | Found a shattered altar of Ashenzari.
  1796 | D:3      | Reached skill level 8 in Axes
  1912 | D:3      | Reached XP level 6. HP: 51/51 MP: 6/6
  2005 | D:4      | Killed from afar by an orc wizard

Levels and vault maps discovered:
D:1:      dpeg_arrival_rooms_b, layout_loops_ring
D:2:      layout_loops_cross, kennysheep_nondescript, columned_hall_lemuel,
          minmay_misc_feat_rows, minmay_ruptured, uniq_natasha
D:3:      layout_basic, evilmike_ruin_ashenzari, uniq_robin
D:4:      layout_basic, minmay_crystal_water

Skill      XL: |  1  2  3  4  5 |
---------------+----------------+-----
Axes           | 3 5 6 8 |  8.0
Fighting       | |  3.6
Armour         | |  3.2
Shields        | |  3.2

Action                   |  1- 3 |  4- 6 || total
-------------------------+-------+-------++-------
Melee: War axe           |    79 |   156 ||   235
  Eat: Chunk             |       |     4 ||     4
Armor: Scale mail        |    29 |    87 ||   116
Dodge: Dodged            |    19 |    58 ||    77
Block: Shield            |    47 |   108 ||   155
